[Event "Portuguese Team Blitz-ch 2022"]
[Site "Viseu"]
[Date "2022.06.12"]
[Round "3.5"]
[White "Padeiro, Jose"]
[Black "Fernandez Lopez, Ruben"]
[Result "0-1"]
[ECO "B24"]
[WhiteElo "2207"]
[BlackElo "2324"]
[Annotator "TA"]
[PlyCount "96"]
[EventDate "2022.06.12"]
[EventType "team-tourn"]
[EventCountry "POR"]
[SourceTitle "playchess.com"]
[Source "ChessBase"]
[SourceQuality "1"]
[TimeControl "180+2"]

1. e4 c5 2. Nc3 Nc6 3. Bb5 Nd4 4. Nf3 a6 5. Bd3 g6 6. Nxd4 {B23: Closed Sicilian: Lines without g3.} cxd4 7. Ne2 Bg7 8. c3 {The position is equal.} dxc3 9. dxc3 d5 10. O-O Nf6 11. exd5 Qxd5 12. Nf4 Qd6 {[#]} 13. Bc2 $146 {With the idea Qxd6.} ({Predecessor:} 13. Be2 Qc7 14. Bf3 O-O 15. Nd5 Nxd5 16. Qxd5 Rb8 17. Be3 Be5 18. g3 b6 19. Qc6 {½-½ (33) Kovalev,V (2634)-Maghsoodloo,P (2706) Dubai 2021}) 13... Qxd1 (13... Qc7 {seems wilder.} 14. Nd5 Nxd5 15. Qxd5 Bd7) 14. Rxd1 O-O 15. Be3 Bg4 16. f3 Bd7 17. Bb3 Bc6 18. Nd5 Nxd5 19. Bxd5 Rfd8 20. Bb3 e6 21. Bb6 Rxd1+ 22. Rxd1 a5 23. a4 Bf6 24. Kf2 Kf8 25. Bd4 Bxd4+ 26. Rxd4 $11 {[%mdl 4096] Endgame KRB-KRB} Ke7 27. Bc2 e5 28. Rd2 f5 29. Ke3 h5 30. h4 Rg8 31. f4 exf4+ (31... e4 $1 $11 {keeps the balance.}) 32. Kxf4 $16 Rc8 33. Kg5 Kf7 (33... Be8 $16) 34. Bb3+ $18 Kg7 35. Re2 $2 {[#]} (35. Rd6 $18) 35... Rc7 $2 (35... Be4 $11 {and Black has nothing to worry.}) 36. Re6 Bxg2 37. Rxg6+ Kh7 38. Rh6+ Kg7 39. Rg6+ ({Much less strong is} 39. Rxh5 Rc6 $16) (39. Bd1 $142) 39... Kh7 40. Rf6 Rg7+ 41. Kxf5 {Rf7 is the strong threat.} Bh3+ $2 (41... Rg4 $16) 42. Ke5 Rg4 (42... Re7+ $142 43. Kd6 Rd7+ 44. Kc5 Rg7) 43. Bc2+ Kg7 44. Rb6 Bg2 45. Rd6 $2 (45. Bf5 $18 Rg3 46. Rb5) 45... Rxh4 (45... Bc6 $14) 46. Rd7+ $2 (46. Rg6+ $18 {and the rest is easy.} Kf8 47. Rxg2) 46... Kf8 $16 47. Kf6 (47. Bf5 $16 {Black must now prevent Kf6.} Bc6 48. Rh7) 47... Rf4+ $11 48. Bf5 $2 {[%mdl 8192] [#]} (48. Ke5 $11 {and White is okay.} Rf2 49. Bg6) 48... Rxf5+ $1 {[%mdl 512] Weighted Error Value: White=0.75/Black=0.28 (precise)} 0-1

[Event "Portuguese Team Blitz-ch 2022"]
[Site "Viseu"]
[Date "2022.06.12"]
[Round "3.6"]
[White "Sismeiro, Miguel"]
[Black "Monteiro, Paulo Alexandre G"]
[Result "1/2-1/2"]
[ECO "A04"]
[WhiteElo "2148"]
[BlackElo "1983"]
[Annotator "TA"]
[PlyCount "112"]
[EventDate "2022.06.12"]
[EventType "team-tourn"]
[EventCountry "POR"]
[SourceTitle "playchess.com"]
[Source "ChessBase"]
[SourceQuality "1"]
[TimeControl "180+2"]

1. Nf3 c5 2. e3 Nf6 3. b3 b6 4. Bb2 Bb7 5. Be2 e6 6. O-O Be7 7. d4 cxd4 8. exd4 O-O 9. c4 d5 10. Nc3 Nbd7 {[%emt 0:00:16] A13: English Opening: 1...e6.} 11. Re1 Rc8 12. Rc1 a6 {[%emt 0:00:50] [#]} 13. cxd5 $146 ({Predecessor:} 13. Ne5 dxc4 14. bxc4 Nxe5 15. dxe5 Nd7 16. Bd3 h6 17. Ne4 Nc5 18. Nxc5 Bxc5 19. Be4 Bxe4 20. Rxe4 {0-1 (44) Lopez Idarraga,D (2009)-Stoleriu,G (2349) Chess.com INT 2020}) 13... Nxd5 14. Nxd5 Bxd5 15. Ne5 Nxe5 16. dxe5 b5 17. Qd4 (17. Qd2 $11) 17... Qd7 ({Black should play} 17... Qa5 $17 18. a4 {[#]} Bc5 $1) 18. Bf3 $11 Rxc1 (18... Rcd8 $5 ) 19. Rxc1 Rc8 (19... Rd8 $11 {remains equal.}) 20. Rxc8+ $16 Qxc8 21. Bxd5 {[%emt 0:00:04] [#] Strongly threatening Be4.} exd5 {[%emt 0:00:01][%mdl 4096] Endgame KQB-KQB} 22. h3 ({Not} 22. Qxd5 $2 Qc2 23. g3 (23. Qa8+ $2 Bf8 $19) 23... Qxb2 $19) (22. e6 $1 $16 Bf6 23. exf7+ Kxf7 24. Qxd5+ Qe6 25. Qxe6+ Kxe6 26. Bxf6 Kxf6 27. Kf1) 22... Qe6 23. g4 h6 24. Kg2 f6 25. f4 fxe5 26. Qxe5 Qxe5 27. Bxe5 $11 {[%emt 0:00:01] KB-KB} g6 28. Kf3 Kf7 29. Ke3 Ke6 30. Kd4 h5 31. Bg7 Ba3 32. Kd3 Bd6 33. f5+ Kf7 34. Bb2 hxg4 35. hxg4 gxf5 36. gxf5 {[%emt 0:00:00] And now Kd4 would win.} Bc5 37. Bd4 Bd6 38. a4 bxa4 {[%emt 0:00:03] The position is equal.} 39. bxa4 Ke7 40. Bg7 {[%emt 0:00:03] aiming for Kd4.} Bc5 41. Bc3 Kf7 42. Bd4 Bd6 43. Ke2 Ke7 44. Kf3 Kf7 45. Kg4 Bc7 46. Kg5 Bd8+ 47. Kf4 {[%emt 0:00:01] Hoping for Ke5.} Bc7+ 48. Be5 Bb6 49. Bd6 Bd4 50. Be5 Bc5 51. Bc7 Bd4 52. a5 Bc3 53. Bd8 Ke8 54. Bb6 Kf7 55. Bd8 Ke8 56. Bb6 Kf7 {[%emt 0:00:00] Weighted Error Value: White=0.12 (very precise) /Black=0.11 (very precise)} 1/2-1/2

[Event "Portuguese Team Blitz-ch 2022"]
[Site "Viseu"]
[Date "2022.06.12"]
[Round "3.7"]
[White "Paiva, Manuel Maria Fonseca"]
[Black "Pintor, Simao Maciel Abranch"]
[Result "0-1"]
[ECO "B24"]
[WhiteElo "1453"]
[BlackElo "2066"]
[Annotator "TA"]
[PlyCount "74"]
[EventDate "2022.06.12"]
[EventType "team-tourn"]
[EventCountry "POR"]
[SourceTitle "playchess.com"]
[Source "ChessBase"]
[SourceQuality "1"]
[TimeControl "180+2"]

1. e4 c5 2. Nc3 Nc6 3. Bb5 Nd4 4. Nf3 a6 5. Bd3 e6 6. Nxd4 {[%emt 0:00:02] B23: Closed Sicilian: Lines without g3.} cxd4 7. Ne2 d5 8. O-O {[%emt 0:00:05] The position is equal.} dxe4 9. Bxe4 Nf6 10. Bf3 {[%emt 0:00:07] [#]} Bd6 $146 (10... Bc5 $11) ({Predecessor:} 10... Bc5 11. b4 Bb6 12. c4 O-O 13. d3 Re8 14. Bg5 h6 15. Bxf6 Qxf6 16. a4 Bc7 {1-0 (58) Lettieri,G (2445)-Boraso,A (2286) Acqui Terme 2022}) 11. d3 (11. Nxd4 $14 e5 12. Nb3) 11... O-O (11... Qb6 $11) 12. b3 (12. Nxd4 $14 Bxh2+ 13. Kxh2 Qxd4 14. Kg1) 12... Qc7 $11 13. Bb2 (13. h3 $11) 13... e5 {[%emt 0:00:11] Black is more active.} (13... Bxh2+ $15 14. Kh1 Be5) 14. Rc1 Bg4 15. Ng3 Qd7 16. c3 dxc3 17. Rxc3 h5 {[%emt 0:00:05] [#]} (17... Bxf3 $11 18. Qxf3 Rac8) 18. Ne4 (18. Nxh5 $1 $16 Bxh5 19. Bxh5) 18... Nd5 19. Bxg4 hxg4 20. Rc1 Bc7 21. Nc5 Qf5 22. Nxb7 Rab8 23. Nc5 Nf4 24. Nxa6 (24. g3 $5 Nh3+ 25. Kg2 $14) 24... Nxd3 $2 (24... Rb6 $1 $14) 25. Rxc7 $18 Nxb2 26. Qc1 ({Better is} 26. Qd2 $18 Ra8 27. Nb4 (27. Qxb2 Rxa6 28. Rc5 Rb8 $16)) 26... Ra8 (26... Nd3 $11 {and Black is okay.} 27. Qc2 Rbc8) 27. Qxb2 Rxa6 28. Re1 (28. Rc5 $18) 28... Rd8 $16 29. Qc2 Qf4 (29... Qxc2 $16 30. Rxc2 f6) 30. Rc8 $40 {[%emt 0:00:03][%cal Rc8d8][%mdl 128] White has strong attack.} Rad6 31. Rxd8+ Rxd8 {[%emt 0:00:00][%mdl 4096] Endgame KQR-KQR} 32. Rd1 {[%emt 0:00:04][%cal Rd1d8] Against Rd2} Rd4 33. Qc8+ Kh7 34. Qc2+ (34. Qc1 $16) 34... g6 {[%emt 0:00:01] [#]} (34... Kg8 $1 $11 {keeps the balance.}) 35. g3 ({White should try} 35. Qe2 $1 $16) 35... Qf3 36. Rxd4 (36. Re1 $16) 36... exd4 $11 37. Qd2 {[%emt 0:00:09][%mdl 8192] [#]} (37. Qc8 $11) 37... d3 $1 {[%emt 0:00:01] Weighted Error Value: White=0.64/Black=0.44} 0-1

[Event "Portuguese Team Blitz-ch 2022"]
[Site "Viseu"]
[Date "2022.06.12"]
[Round "3.8"]
[White "Pipiras, Filipa Fortuna"]
[Black "Neto, Dinis Fonseca"]
[Result "1-0"]
[ECO "E34"]
[WhiteElo "2135"]
[BlackElo "1202"]
[Annotator "TA"]
[PlyCount "63"]
[EventDate "2022.06.12"]
[EventType "team-tourn"]
[EventCountry "POR"]
[SourceTitle "playchess.com"]
[Source "ChessBase"]
[SourceQuality "1"]
[TimeControl "180+2"]

1. d4 Nf6 2. c4 e6 3. Nc3 Bb4 4. Qc2 d5 5. cxd5 Bxc3+ (5... exd5 $11 6. Nf3 O-O) 6. bxc3 $14 {And now dxe6 would win. E34: Nimzo-Indian: Classical: 4...d5.} exd5 7. Bg5 c6 8. e3 {White is slightly better.} Be6 9. Bd3 Nbd7 10. Ne2 O-O {[#]} (10... h6 $16 11. Bf4 O-O) 11. Bxh7+ $146 ({Predecessor:} 11. O-O Qc7 12. Bxf6 Nxf6 13. Rfe1 Rfe8 14. Nf4 Bd7 15. f3 Re7 16. e4 Qxf4 17. e5 {0-1 (45) Rolando,A (1200)-Bendada,W (1230) France 2002}) 11... Kh8 12. Bd3 Qc7 13. f4 $2 (13. f3 $18 {is more deadly.}) 13... Rfe8 $2 (13... Ne4 $16 {is more resistant.}) 14. f5 Bxf5 15. Bxf5 Rxe3 16. Bxe3 Ne4 17. Bxe4 dxe4 18. Qxe4 Nf6 19. Qh4+ Kg8 20. O-O Re8 21. Bf4 Qd7 22. Be5 c5 23. Bxf6 gxf6 24. Nf4 {[%cal Be2f4,Bf4d5,Bd5f6][%mdl 32] [#] White threatens Nh5 and mate.} cxd4 25. cxd4 (25. Nh5 $142 Kf8 26. Nxf6 Qd8 27. Qh6+ Ke7 28. Rfe1+ Kd6 29. Rxe8 Qb6 30. Qf8+ Kc6 31. Rc8+ Kb5 32. Rb1+ Ka6 33. Rxb6+ Kxb6 34. Nd5+ Kb5 35. Qc5+ Ka6 36. Nc7#) 25... Qxd4+ 26. Kh1 {White mates.} Re4 27. Qg3+ Kf8 28. Rad1 Qb6 29. Nd5 Qd8 30. Nxf6 Qc7 31. Qg8+ Ke7 32. Qe8# {Black did not feel at home in the position after the opening.  Weighted Error Value: White=0.25 (precise) /Black=1.66} 1-0

[Event "Portuguese Team Blitz-ch 2022"]
[Site "Viseu"]
[Date "2022.06.12"]
[Round "4.1"]
[White "Fernandez Lopez, Ruben"]
[Black "Veiga, Jose Francisco R P N"]
[Result "1-0"]
[ECO "C95"]
[WhiteElo "2324"]
[BlackElo "2377"]
[Annotator "TA"]
[PlyCount "62"]
[EventDate "2022.06.12"]
[EventType "team-tourn"]
[EventCountry "POR"]
[SourceTitle "playchess.com"]
[Source "ChessBase"]
[SourceQuality "1"]
[TimeControl "180+2"]

1. e4 e5 2. Nf3 Nc6 3. Bb5 a6 4. Ba4 Nf6 5. O-O Be7 6. Re1 b5 7. Bb3 d6 8. c3 O-O 9. h3 Nb8 10. d4 Nbd7 11. Nbd2 Bb7 12. Bc2 c5 13. d5 $1 {13.d5 is better than 13.Nf1.} Qc7 {C95: Closed Ruy Lopez: Breyer Variation with 10 d4.} 14. Nf1 Rfb8 15. Ne3 Bf8 {White is slightly better.} 16. Nf5 Bc8 17. Nh2 (17. c4 $5) 17... c4 18. Qf3 Nc5 {[#]} (18... a5 $11) 19. Bg5 {White is more active.} (19. Nh6+ $1 $16 Kh8 20. Bg5) 19... Ne8 {[#]} 20. Ng4 $146 ({Predecessor:} 20. a3 a5 21. Qg3 Bxf5 22. exf5 f6 23. Be3 Nd3 24. Bxd3 cxd3 25. Rad1 Qc4 26. Bc1 Qxd5 27. Rxd3 {1-0 (39) Boehm,J (1939)-Arvai,E (2006) Porec 2015}) 20... b4 21. Nge3 $2 (21. cxb4 $14 {stays ahead.} Rxb4 22. b3) 21... bxc3 (21... f6 $17 22. Bh4 g6) 22. bxc3 (22. Nxc4 $11 Bxf5 23. Qxf5) 22... Rb2 (22... f6 $17 23. Bh4 g6) 23. Qd1 f6 ({But not} 23... Bxf5 24. exf5 h6 25. Bh4 $14) 24. Bh4 ({Don't play} 24. Nxc4 Rxc2 25. Qxc2 Bxf5 26. exf5 fxg5 $17) 24... g6 ({Resist} 24... Bxf5 25. exf5 Nd3 26. Bxd3 cxd3 27. Qxd3 $16) 25. Nxc4 Rxc2 26. Qxc2 {Strongly threatening Nfe3.} gxf5 27. exf5 e4 28. Ne3 (28. g4 $5 ) 28... Bd7 (28... h5 $11) 29. Reb1 ({White should try} 29. Qd1 $14) 29... Rb8 ({Black should play} 29... Bh6 $11) 30. Rxb8 $14 Qxb8 31. Qe2 Qb2 $2 {[%mdl 8192] Weighted Error Value: White=0.45/Black=0.42} 1-0

[Event "Portuguese Team Blitz-ch 2022"]
[Site "Viseu"]
[Date "2022.06.12"]
[Round "4.2"]
[White "Martins, Bruno Andre Leite"]
[Black "Sismeiro, Miguel"]
[Result "1-0"]
[ECO "B47"]
[WhiteElo "2327"]
[BlackElo "2148"]
[Annotator "TA"]
[PlyCount "101"]
[EventDate "2022.06.12"]
[EventType "team-tourn"]
[EventCountry "POR"]
[SourceTitle "playchess.com"]
[Source "ChessBase"]
[SourceQuality "1"]
[TimeControl "180+2"]

1. e4 c5 2. Nf3 e6 3. d4 cxd4 4. Nxd4 Nc6 5. Nc3 Qc7 6. Nxc6 bxc6 7. Bd3 d5 8. O-O Nf6 9. Qe2 {B47: Sicilian: Taimanov: 5 Nc3 Qc7 6 f4, 6 g3 and 6 Be2.} Bd6 {[#]} 10. exd5 $146 ({Predecessor:} 10. f4 O-O 11. e5 Bc5+ 12. Kh1 Ne8 13. Na4 Bb6 14. b3 c5 15. c4 Bd7 16. Nc3 g6 17. cxd5 exd5 18. Nxd5 Qd8 19. Bc4 Bc6 20. Rd1 Qh4 21. Be3 Ng7 22. Bf2 Qh5 23. Nf6+ {1-0 (23) Komiagina,M (2241)-Zaksaite,S (2202) Chess.com INT 2021}) 10... Bxh2+ (10... Nxd5 $11 {keeps the balance.} 11. g3 Nxc3 12. bxc3 e5) 11. Kh1 $16 {[#] g3 is the strong threat. White is better.} h5 $2 (11... cxd5 $2 12. f4 $18) (11... Bf4 $16 {might work better.}) 12. dxe6 Bxe6 (12... Bf4 $142 13. Bxf4 Qxf4) 13. f4 $18 Ng4 {[#]} 14. f5 $1 Bg1 $2 (14... Bg3 15. Rf3 (15. fxe6 $2 Bf2 $19) 15... h4) 15. Bf4 Qe7 16. Kxg1 g5 17. fxe6 Qc5+ 18. Kh1 gxf4 19. exf7+ Kf8 20. Rxf4 {And now Re1 would win.} Qg5 21. Rf3 Qh4+ 22. Rh3 Nf2+ 23. Kh2 Nxh3 24. gxh3 Qf4+ 25. Kh1 Qg3 26. Qg2 $2 (26. Bf5) 26... Qxg2+ 27. Kxg2 {Really sharp!} Kxf7 28. Rf1+ Ke7 29. Rf3 Rhg8+ 30. Rg3 h4 31. Rxg8 Rxg8+ 32. Kh2 Rg3 $2 (32... Kf6 33. Ne4+ Ke5) 33. Ne2 Rf3 34. Kg2 {Prevents Rf2+.} Rf6 35. Nd4 Rf4 (35... c5 $142 36. Nf5+ Kd8 37. Nxh4 c4) 36. Nxc6+ Kd6 37. Nxa7 Kc5 38. Nb5 Rf8 39. Nc3 Kd4 40. Nd1 Rg8+ 41. Kh2 Rg3 42. a4 {aiming for b4.} Ke5 43. a5 {White threatens a6 and mate.} Kf4 44. Nc3 {Intending Ne2+ and mate.} Kf3 45. Be4+ {White mates.} Kf2 46. a6 Rg7 47. Bb7 Rf7 48. a7 Rxb7 49. a8=Q Rxb2 50. Qg2+ Ke3 51. Nd1+ {Black did not feel at home in the position after the opening.  Weighted Error Value: White=0.22 (precise) /Black=0.81} 1-0

[Event "Portuguese Team Blitz-ch 2022"]
[Site "Viseu"]
[Date "2022.06.12"]
[Round "4.3"]
[White "Pintor, Simao Maciel Abranch"]
[Black "Rego, Pedro Filipe"]
[Result "0-1"]
[ECO "A05"]
[WhiteElo "2066"]
[BlackElo "2251"]
[Annotator "TA"]
[PlyCount "102"]
[EventDate "2022.06.12"]
[EventType "team-tourn"]
[EventCountry "POR"]
[SourceTitle "playchess.com"]
[Source "ChessBase"]
[SourceQuality "1"]
[TimeControl "180+2"]

1. Nf3 {[%emt 0:00:01] Golod,V} Nf6 2. g3 d5 3. b3 g6 4. Bb2 Bg7 5. Bg2 O-O 6. c4 c6 7. O-O Re8 8. d4 Bf5 9. Nc3 {[%emt 0:00:03] D78: Fianchetto Grünfeld: 6 0-0 c6.} Ne4 10. Nh4 Nxc3 11. Bxc3 {[%emt 0:00:01] The position is equal.} Be6 12. Qd3 Nd7 {[%emt 0:00:06] [#]} 13. f4 $146 (13. Rac1 $11) ({Predecessor:} 13. c5 f5 14. b4 Bf7 15. f4 b6 16. Nf3 a5 17. a3 axb4 18. axb4 b5 19. Bb2 {½-½ (34) Malakhov,V (2670)-Golod,V (2523) Bad Wiessee 2002 EXT 2003 [Golod,V]}) 13... dxc4 $15 14. bxc4 Nb6 (14... Nc5 $5 15. Qd2 Na4 $15) 15. d5 $1 Bxc3 (15... cxd5 16. Bxg7 Kxg7 17. f5 gxf5 18. Nxf5+ Kh8 19. cxd5 Bxd5 20. Rad1 $14) 16. Qxc3 cxd5 17. f5 (17. c5 $5 Qc8 18. Qd4 $15) 17... d4 18. Qf3 (18. Qd2 $15 Bxc4 19. Bxb7) 18... Bxc4 $17 19. fxg6 hxg6 ({Better is} 19... fxg6 $17 {aiming for ...e5.} 20. Rac1 Rf8 21. Qxf8+ Qxf8 22. Rxf8+ Kxf8) 20. Qf4 $2 (20. Qg4 $1 $11 Qd7 21. Qg5) 20... Qd6 $2 (20... e5 $19 21. Qh6 Re6) 21. Qh6 (21. Qg5 $1 $11 {and White stays safe.}) 21... Qe5 (21... Bxe2 $2 22. Rf2 d3 23. Bf1 $19) 22. Rf4 (22. Bxb7 {was worth a try.} Rab8 23. Bc6) 22... Qg7 (22... Bxe2 23. Nxg6 Qg7 24. Qxg7+ Kxg7 25. Nh4 $17) (22... d3 $142 23. Re1 d2) 23. Qg5 $2 (23. Qxg7+ Kxg7 24. Rxd4) 23... e5 24. Rf6 Re6 (24... Bxe2 $2 25. Bxb7 Rad8 26. Bc6 $19) 25. Raf1 Rxf6 (25... Bxe2 26. Rxf7 Qxf7 27. Rxf7 Kxf7 28. Bh3 $11) 26. Rxf6 {[%emt 0:00:02][%cal Rh4g6] [#]} Nd7 $1 (26... Bxa2 27. Nxg6 Nd7 28. Rd6 $15) 27. Rd6 {[%emt 0:00:09] [#]} Nf8 (27... Nc5 28. Qc1 Qf8 29. Rf6 $11) 28. Nf3 Re8 ({Don't go for} 28... Bxa2 $2 29. Qe7 $19) (28... Bxe2 29. Qxe5 Bxf3 30. Qxg7+ Kxg7 31. Bxf3 $17) 29. Nd2 Re6 $2 30. Nxc4 $15 Rxd6 (30... b5 $15 {keeps the upper hand.} 31. Bd5 (31. Rxe6 Nxe6 32. Qc1 bxc4 $17) 31... bxc4) 31. Nxd6 $18 Ne6 32. Qe7 b6 $2 (32... Qf8 33. Qxf8+ Kxf8 34. Bxb7 Nc5) 33. Ne8 Qh6 34. Nf6+ Kg7 35. Ng4 {[%emt 0:00:05] Prevents Qe3+.} Qc1+ 36. Kf2 Qc8 (36... e4 $18) 37. Qf6+ Kg8 38. Nh6+ Kh7 39. Nxf7 {[%emt 0:00:03] Intending Be4 and mate.} d3 40. exd3 (40. Be4 $142 Qc5+ 41. Kg2 Qg1+ 42. Kxg1 Kg8 43. Bxg6 Ng7 44. Nh6+ Kh8 45. Qf8#) 40... Qc5+ 41. Kf1 $2 (41. Kf3 $18 Nd4+ 42. Kg4 Qc8+ 43. Kh4 Nf5+ 44. Kg5 Qc1+ 45. Kg4 Nh6+ 46. Kh4 Nxf7 47. Qxf7+ Kh6 48. Qf8+ Kh7 49. Qe7+ Kh8 50. Qxe5+ Kh7 51. Qe7+ Kh8 52. Qf8+ Kh7 53. Be4 Qh6+ 54. Qxh6+ Kxh6 55. d4) 41... Qc1+ $11 42. Kf2 Qd2+ $2 (42... Qc5+ $11 43. Kf3 Nd4+ 44. Kg4 Qc8+ 45. Kg5 Qf5+ 46. Qxf5 gxf5 47. Nxe5 Kg7) 43. Kg1 $18 Qe3+ 44. Qf2 Qxd3 45. Nxe5 Qd1+ 46. Bf1 Ng5 {[%emt 0:00:02] Prevents Qf7+. Strongly threatening ...Nh3+.} 47. h4 $4 (47. Qe3 $18 Ne6 48. Nd3) 47... Nh3+ $1 48. Kg2 Nxf2 49. Kxf2 Qd4+ 50. Kf3 Qxe5 51. Kg4 Qf5# {[%emt 0:00:01] A wild game.  Weighted Error Value: White=1.04/Black=1.10} 0-1

[Event "Portuguese Team Blitz-ch 2022"]
[Site "Viseu"]
[Date "2022.06.12"]
[Round "4.4"]
[White "Silva, Miguel Antonio Neto"]
[Black "Pipiras, Filipa Fortuna"]
[Result "1-0"]
[ECO "A22"]
[WhiteElo "2215"]
[BlackElo "2135"]
[Annotator "TA"]
[PlyCount "105"]
[EventDate "2022.06.12"]
[EventType "team-tourn"]
[EventCountry "POR"]
[SourceTitle "playchess.com"]
[Source "ChessBase"]
[SourceQuality "1"]
[TimeControl "180+2"]

1. c4 Nf6 2. Nc3 e5 3. g3 Nc6 4. Bg2 Bc5 5. d3 d6 6. a3 {A25: English Opening vs King's Indian with ...Nc6 but without early d3.} a5 7. Rb1 h6 8. Nf3 {The position is equal.} Be6 9. Nd2 O-O 10. O-O Qd7 11. Nd5 Bxd5 12. cxd5 Ne7 13. e4 c6 {[%cal Rc6d5] [#]} 14. dxc6 $146 ({Predecessor:} 14. b4 axb4 15. axb4 Ba7 16. dxc6 bxc6 17. Nb3 Rab8 18. Bd2 Ng6 19. Ra1 Rfe8 20. Ra3 {½-½ (35) Arkhipov,S (2485)-Epishin,V (2630) Moscow 1992}) 14... bxc6 15. b4 axb4 16. axb4 Bb6 17. Nc4 Bc7 18. Bb2 Rab8 19. Bc3 Ng6 20. d4 Qe7 (20... Qe6 $11 {keeps the balance.} 21. d5 cxd5 22. exd5 Qd7) 21. d5 ({Better is} 21. Na5 $16 Qe8 22. dxe5 dxe5 23. Qa4) 21... cxd5 $14 22. exd5 Rb5 23. Na3 Rb7 24. b5 Rfb8 25. Qe2 $1 Bb6 26. Rfc1 Bc5 27. Bb4 {A strong pair of Bishops.} Nd7 (27... Bxb4 $11 28. Rxb4 Qd8) 28. Bf1 ({White should try} 28. Bxc5 $1 $14 Nxc5 29. Nc4) 28... Bxb4 29. Rxb4 Nc5 {[#]} (29... Nf6 $11 {remains equal.}) 30. Rcb1 (30. Nc4 $1 $16) 30... Nf8 31. Nc4 Ra8 {Against Na5} 32. Qb2 Nfd7 33. Ra1 Qd8 (33... Rxa1 $11 34. Qxa1 Nb6) 34. Nxd6 $18 Rbb8 35. Rxa8 Rxa8 36. b6 Nf6 $2 (36... Nxb6 37. Nxf7 (37. Rxb6 Na4 $15) (37. Qxe5 f6 $16) 37... Kxf7) 37. Nc4 Nxd5 (37... Qxd5 $142 38. Qxe5 Nb7) 38. Rb5 Na4 39. Qxe5 (39. Qb3 $18 {Threatens to win with b7.} Nac3 40. b7 (40. Nxe5 Nxb5 41. Bxb5 Qd6 $16)) 39... Ndxb6 $16 40. Nxb6 {White is more active.} (40. Nd6 $16) 40... Nxb6 $11 41. h4 Nd7 42. Qd4 {[#] Hoping for Rd5.} Nf6 {Against Rd5} 43. Qc3 Qd7 44. Rc5 Re8 45. Rc7 $1 Qe6 {...Nd5 is the strong threat.} (45... Qd6 {is more complex.} 46. Qc4 Nd7 47. Rb7 g6) 46. Bc4 Qe1+ (46... Nd5 $11 47. Kh2 Nxc3 48. Bxe6 Rxe6 49. Rxc3 h5) 47. Qxe1 $16 Rxe1+ {[%mdl 4096] Endgame KRB-KRN} 48. Kg2 Ra1 49. Bxf7+ Kh7 (49... Kf8 $16 {was worth a try.} 50. f4 Re1) 50. h5 $18 Ra5 $2 (50... Ra8 51. Rb7 Ne8) 51. Bg6+ {White is clearly winning.} Kh8 52. Rc8+ Ng8 53. Bf7 {Weighted Error Value: White=0.30/Black=0.35} 1-0

[Event "Portuguese Team Blitz-ch 2022"]
[Site "Viseu"]
[Date "2022.06.12"]
[Round "4.5"]
[White "Pereira, Ruben"]
[Black "Silva, Stephane"]
[Result "1/2-1/2"]
[ECO "C02"]
[WhiteElo "2436"]
[BlackElo "2020"]
[Annotator "TA"]
[PlyCount "54"]
[EventDate "2022.06.12"]
[EventType "team-tourn"]
[EventCountry "POR"]
[SourceTitle "playchess.com"]
[Source "ChessBase"]
[SourceQuality "1"]
[TimeControl "180+2"]

1. e4 e6 2. d4 d5 3. e5 c5 4. c3 Nc6 5. Nf3 Qb6 6. Bd3 cxd4 7. O-O $1 {[%mdl 4] is currently scoring better than 7.cxd4. C02: French: Advance Variation.} Bd7 8. Nbd2 dxc3 9. bxc3 Nge7 10. Nb3 Ng6 11. Re1 Qc7 {[%cal Rc6e5] [#]} 12. Nbd4 $146 (12. Qe2 $11 {remains equal.}) ({Predecessor:} 12. Qe2 Be7 13. Nbd4 a6 14. Rb1 Rc8 15. h4 Bxh4 16. Nxh4 Nxh4 17. Ba3 Nxd4 18. cxd4 {0-1 (51) Schmakel,S (2435)-Escalante Ramirez,B (2456) chess24.com INT 2020}) 12... Be7 (12... Ncxe5 $17 13. Nxe5 Nxe5) 13. Rb1 O-O $36 {[%cal Rc6e5][%mdl 2048] Black is more active.} ({But not} 13... Ngxe5 14. Nxe5 Nxe5 15. Bf4 $14) 14. h4 (14. Qe2 $11) 14... Ncxe5 $17 15. Nxe5 Nxe5 16. Bf4 Bd6 17. Rxe5 Bxe5 $19 18. Bxh7+ Kxh7 19. Qh5+ Kg8 20. Bxe5 Qc8 (20... Qxc3 $2 21. Nf5 $1 exf5 22. Bxc3 $18) ({Better is} 20... Qd8 $1 $19 {Strongly threatening ...f6.} 21. Bd6 b6 $1 22. Bxf8 Qxf8) 21. Bxg7 $11 {[%mdl 64] Decoy} Kxg7 22. Qg5+ Kh8 $2 (22... Kh7 $11 {and Black is okay.} 23. Qh5+ Kg7 24. Qg5+ Kh8) 23. Qh6+ $18 {[%mdl 1024] White has strong compensation.} Kg8 {[#] White must now prevent ...Re8.} 24. Nf3 $2 {[%mdl 8192] White is much more active. The black rooks are badly placed.} (24. Re1 $1 $16 {[%cal Re1e3] is forced if you want to stay better.}) 24... f6 $2 ({Black should play} 24... Qxc3 $19 25. Rxb7 Be8) 25. Rb4 $2 (25. Qg6+ $11 Kh8 26. Qh6+ Kg8 27. Qg6+ Kh8 28. Qh6+ Kg8) 25... e5 $2 (25... Kf7 $19 26. Qh7+ Ke8) 26. Qg6+ $11 Kh8 27. Qh6+ Kg8 {Weighted Error Value: White=0.72/Black=1.16} 1/2-1/2